 Dungeon Crawl Stone Soup version 0.31-a0-538-gbc85326fa9 (webtiles) character file.

Game seed: 3092715741618703511

1341 MackTheKnife the Grappler (level 8, 0/65 (71) HPs)
             Began as a Yellow Draconian Shapeshifter on Aug 13, 2023.
             Was a Believer of Makhleb.
             Slain by a wight
             ... wielding a +0 spear
              (4 damage)
             ... on level 5 of the Dungeon.
             The game lasted 00:06:42 (5396 turns).

MackTheKnife the Grappler (DrSh)                    Turns: 5396, Time: 00:06:43

HP:   0/65 (71)     AC:  6    Str: 18    XL:     8   Next: 35%
MP:   0/8           EV: 13    Int:  9    God:    Makhleb [**....]
Gold: 315           SH:  0    Dex: 13    Spells: 7/7 levels left

rFire   . .          .
                       - Unarmed
rCold   . . .        (no shield)
rNeg    . . .        (body armour unavailable)
rPois   .            (helmet currently unavailable)
rElec   .            (cloak currently unavailable)
rCorr   +            (gloves currently unavailable)
SInv    .            (boots currently unavailable)
Will    .....        i - amulet of guardian spirit
Stlth   +            (no ring)
HPRegen 0.30/turn    (no ring)
MPRegen 0.11/turn

%: guardian spirit
@: short of breath, beast-form, drained
A: beast (slay +2), spit acid, AC +6, unfitting armour, cold-blooded, acid
resistance
a: Breathe Acid, Begin Untransformation, Renounce Religion, Minor Destruction


You were on level 5 of the Dungeon.
You worshipped Makhleb.
Makhleb was pleased with you.
You were a hulking beast.
You visited 2 branches of the dungeon, and saw 6 of its levels.
You also visited: Ossuary.

You collected 315 gold pieces.


Innate Abilities, Weirdness & Mutations

You are a hulking beast.
Your limbs bulge with bestial killing power. (Slay +2)
You can spit globs of acid.
Your golden yellow scales are hard. (AC +6)
You cannot fit into any form of body armour.
You are cold-blooded and may be slowed by cold attacks.
You are resistant to acid. (rCorr)


   Skills:
 + Level 6.4 Fighting
 - Level 4.0 Dodging
 - Level 8.0 Unarmed Combat
 - Level 3.0 Shapeshifting


You had 7 spell levels left.
You didn't know any spells.
Your spell library contained the following spells:

 Spells                   Type           Power      Damage    Failure   Level
 Sublimation of Blood     Necr           0%         N/A       52%         2
 Wereblood                Tmut           0%         N/A       52%         2
 Call Canine Familiar     Summ           0%         N/A       77%         3
 Dazzling Flash           Conj/Hex       0%         N/A       77%         3
 Portal Projectile        Hex/Tloc       0%         N/A       77%         3
 Volatile Blastmotes      Fire/Tloc      0%         2d10      77%         3
 Leda's Liquefaction      Hex/Erth       0%         N/A       99%         4
 Starburst                Conj/Fire      0%         6d3       100%        6
 Summon Hydra             Summ           0%         N/A       100%        7
 Maxwell's Capacitive Co  Air            0%         ∞         100%        8

Inventory:

Jewellery
 i - an amulet of guardian spirit (around neck)
   (You found it on level 1 of the Dungeon)
Talismans
 b - a beast talisman (active)
 c - a flux talisman
 o - a blade talisman
   (You found it on level 2 of the Dungeon)
Wands
 f - a wand of polymorph (11)
   (You took it off an orc wizard on level 5 of the Dungeon)
Scrolls
 k - 2 scrolls of immolation {!r!r}
 l - a scroll of vulnerability {!r!r}
 q - 2 scrolls of amnesia
 t - 2 scrolls of teleportation {@r4}
Potions
 a - 4 potions of lignification {!q}
 d - 2 potions of heal wounds {@q2}
 e - a potion of ambrosia
 g - 2 potions of might {unknown}
 h - 3 potions of degeneration {unknown}
 j - a potion of magic {unknown}
 m - a potion of cancellation {unknown}
 n - 7 potions of curing {@q1}
 r - a potion of invisibility {unknown}
 s - a potion of enlightenment {unknown}

Dungeon Overview and Level Annotations

Branches:
Dungeon (5/15) Zot: 24992  Temple (1/1) D:4 Zot: 5969 Ossuary (visited)

Altars:
Ashenzari
Cheibriados
Dithmenos
Fedhas
Gozag
Hepliaklqana
Kikubaaqudgha
Makhleb
Nemelex Xobeh
Okawaru
Qazlal
Ru
Sif Muna
Trog
Vehumet
Wu Jian
Xom
Yredelemnul
Zin
The Shining One

Shops:
D:5

( ##.....###.T###.#.#
.##...##.##..##.#.#
'###.###'###..#.#.#
................#.#
....#...........#.#
###..........####.#
#...............#
###..........###############
†............>zzh..........#
###...........###########.##
#.#'#######.# #.# #.#.# #.#
#.# #.#.# #.# #.# ###.#.###
#.# #.#
....#.#.#####.###########.#
....#.#................##.#
....#.#.#####.########.##.#


You could see 2 wights.


Message History

The wight hits you with a +2 falchion. 😕 HP[-3]
You take 3 damage, and now have 67/70 hp.
You closely miss the wight. The wight closely misses you.
You hit the wight. The wight closely misses you. 😕 HP[+1]
You barely miss the wight.
You tail-slap the wight, but do no damage.
The troll bites you! The troll claws you but does no damage.
The troll claws you. The wight hits you with a +2 falchion!
You feel drained. 😮 HP[-27] MP[-3]
You now have 68 max hp (-2).
You take 27 damage, and now have 41/68 hp.
MASSIVE DAMAGE!! (PAUSE)
You lost 3 mp, and now have 5/8 mp.
Unknown command.
You hit the troll but do no damage. 😮 HP[+1]
Press: ? - help, Shift-Dir - straight line, f - troll
Aim: a troll (64% to hit)
You spit a glob of acid.
The glob of acid hits the troll!!
The acid splashes onto the wight!
The wight is splashed with acid.
The troll bites you. The troll claws you.
* * * LOW HITPOINT WARNING * * *
The troll barely misses you. 😨 HP[-10]
You take 10 damage, and now have 32/68 hp.
Unknown command.
You completely miss the troll. The troll misses you.
The troll claws you but does no damage. The troll claws you!
* * * LOW HITPOINT WARNING * * *
😨 HP[-6] MP[-1]
You take 6 damage, and now have 26/68 hp.
You lost 1 mp, and now have 4/8 mp.
You barely miss the troll. You tail-slap the troll.
The troll bites you but does no damage. The troll barely misses you.
The troll claws you but does no damage. 😨 HP[+1] Unknown command.
You hit the troll. The troll bites you but does no damage.
The troll barely misses you. The troll misses you.
Unknown command.
You punch the troll! The troll bites you but does no damage.
The troll claws you but does no damage. The troll claws you.
* * * LOW HITPOINT WARNING * * *
😨 HP[-2]
You take 2 damage, and now have 25/68 hp.
Unknown command.
You hit the troll. The troll bites you.
* * * LOW HITPOINT WARNING * * *
The troll claws you but does no damage. The troll claws you.
* * * LOW HITPOINT WARNING * * *
😱 HP[-8] MP[-2]
You take 8 damage, and now have 17/68 hp.
You lost 2 mp, and now have 2/8 mp.
Unknown command.
You punch the troll!
You kill the troll!
Makhleb accepts your kill.
Your life force feels restored.
Training target 8.0 for Unarmed Combat reached!
Your Unarmed Combat skill increases to level 8!
You need to enable at least one skill for training. 😨 HP[+1] MP[+1]
You now have 70 max hp (+2).
You hit the wight. You hit the wight.
You destroy the wight!
Makhleb accepts your kill.
You feel better. The wight misses you. 😨 HP[+2]
You now have 71 max hp (+1).
You regained 2 hp, and now have 20/71 hp. 😨 HP[+1]
You barely miss the wight. The wight barely misses you.
The wight closely misses you.
You hit the wight but do no damage. The wight closely misses you.
The wight misses you.
Okay, then.
Unknown command.
You hit the wight. You punch the wight. The wight misses you.
The wight hits you but does no damage.
You hit the wight but do no damage.
The wight hits you with a +1 mace of draining.
* * * LOW HITPOINT WARNING * * *
You feel drained.
The wight hits you from afar with a +0 spear.
* * * LOW HITPOINT WARNING * * *
😨 HP[-2] MP[-1]
You now have 69 max hp (-2).
You lost 1 mp, and now have 2/8 mp.
You hit the wight but do no damage.
The wight hits you with a +1 mace of draining!
* * * LOW HITPOINT WARNING * * *
You feel drained.
* * * LOW HITPOINT WARNING * * *
You feel drained.
* * * LOW HITPOINT WARNING * * *
The wight hits you from afar with a +0 spear.
You die...

Skill      XL: |  1  2  3  4  5  6  7  8 |
---------------+-------------------------+-----
Fighting       | 2 3 4 5 6 |  6.4
Unarmed Combat | 4 5 6 7 8 |  8.0
Dodging        | 4 |  4.0
Shapeshifting  | |  3.0

Action                     |  1- 3 |  4- 6 |  7- 9 || total
---------------------------+-------+-------+-------++-------
  Melee: Unarmed           |    92 |   168 |   110 ||   370
         Tailslap          |     6 |    22 |    17 ||    45
         Punch             |     1 |     2 |     3 ||     6
Ability: Breathe Acid      |       |       |     4 ||     4
    Use: Scroll            |       |     9 |     1 ||    10
         Potion            |       |     1 |       ||     1
   Stab: Sleeping          |     1 |       |       ||     1
 Armour: Skin              |    25 |    51 |    34 ||   110
  Dodge: Dodged            |    65 |    77 |    50 ||   192

Levels and vault maps discovered:
D:1:      dpeg_arrival_tiny_j, layout_basic, st_stairs_2,
          minmay_misc_feat_diagonals
D:2:      layout_basic, serial_forest, infiniplex_forest_clump_medium,
          infiniplex_forest_lined_room_2, infiniplex_forest_straight_2,
          infiniplex_forest_lined_3_way, infiniplex_forest_clump_small,
          infiniplex_forest_clump_small, infiniplex_forest_clump_curved,
          infiniplex_forest_zigzag_2, infiniplex_forest_clump_C
D:3:      layout_loops_cross, zin_academy, chequers_decorated_corner
D:4:      layout_loops_ring, temple_fountains, uniq_blork_the_orc
D:5:      layout_basic, nicolae_ossuary_entry_giza, serial_shops,
          nicolae_shop_getting_attention, abandoned_shop, chequers_garden,
          minmay_fractal_squares_diagonal_5
Temple:   compressed_dpeg_triangle_lava_temple

Notes
Turn   | Place    | Note
-------+----------+-------------------------------------------
     0 | D:1      | MackTheKnife the Draconian Shapeshifter began the quest for
                  | the Orb.
     0 | D:1      | Reached XP level 1. HP: 16/16 MP: 1/1
     0 | D:1      | magus.rc [v1.9.6]
   209 | D:1      | Reached XP level 2. HP: 24/24 MP: 2/2
   343 | D:1      | Reached skill level 2 in Fighting
   770 | D:2      | Reached XP level 3. HP: 30/30 MP: 3/3
  1171 | D:2      | You fall into a shaft and drop 1 floor!
  1361 | D:2      | Reached skill level 3 in Fighting
  1361 | D:2      | Reached skill level 4 in Unarmed Combat
  2300 | D:3      | Reached XP level 4. HP: 38/38 MP: 4/4
  2362 | D:3      | Found a glowing silver altar of Zin.
  2907 | D:4      | Reached XP level 5. HP: 31/46 MP: 1/5
  2909 | D:4      | Found a staircase to the Ecumenical Temple.
  2959 | Temple   | Entered the Ecumenical Temple
  2974 | Temple   | Became a worshipper of Makhleb the Destroyer
  3135 | D:4      | Noticed Blork the orc
  3155 | D:4      | Killed Blork the orc
  3156 | D:4      | Reached skill level 4 in Fighting
  3156 | D:4      | Reached skill level 5 in Unarmed Combat
  3373 | D:4      | Noticed a black bear
  3385 | D:4      | Killed a black bear
  3386 | D:4      | Reached XP level 6. HP: 21/55 MP: 2/6
  3584 | D:5      | Entered Level 5 of the Dungeon
  3634 | D:5      | Found a sand-covered staircase.
  3652 | D:5      | HP: 7/55 [gnoll sergeant/+3 trident of venom (11)]
  3655 | D:5      | Reached skill level 5 in Fighting
  3871 | Ossuary  | Entered an ossuary
  4121 | Ossuary  | Reached * piety under Makhleb
  4235 | D:5      | Reached skill level 6 in Unarmed Combat
  4388 | D:5      | Noticed a troll
  4521 | D:5      | Your scales start taking on a golden yellow colour.
  4521 | D:5      | Reached XP level 7. HP: 62/62 MP: 7/7
  4521 | D:5      | Gained mutation: You are resistant to acid. (rCorr) [Yellow
                  | Draconian growth]
  4523 | D:5      | You pick up a book of Blood and begin reading...
  4523 | D:5      | You add the spells Sublimation of Blood, Wereblood and
                  | Summon Hydra to your library.
  4544 | D:5      | Reached skill level 6 in Fighting
  4544 | D:5      | Reached skill level 2 in Dodging
  4593 | D:5      | Reached skill level 3 in Dodging
  4747 | D:5      | You pick up a book of Spectacle and begin reading...
  4747 | D:5      | You add the spells Volatile Blastmotes, Dazzling Flash,
                  | Starburst and Maxwell's Capacitive Coupling to your
                  | library.
  4868 | D:5      | Found Avuyg's Weapon Emporium.
  4916 | D:5      | Reached skill level 4 in Dodging
  5141 | D:5      | Reached skill level 7 in Unarmed Combat
  5141 | D:5      | Reached XP level 8. HP: 55/70 MP: 6/8
  5233 | D:5      | You pick up a book of the Hunter and begin reading...
  5233 | D:5      | You add the spells Call Canine Familiar, Portal Projectile
                  | and Leda's Liquefaction to your library.
  5282 | D:5      | Reached ** piety under Makhleb
  5387 | D:5      | HP: 17/68 [troll (5)]
  5388 | D:5      | Killed a troll
  5389 | D:5      | Reached skill level 8 in Unarmed Combat
  5396 | D:5      | HP: 11/69 [wight/+1 mace of draining (8)]
  5396 | D:5      | HP: 4/65 [wight/+1 mace of draining (4)]
  5396 | D:5      | Slain by a wight

Vanquished Creatures
  A troll (D:5)
  2 ice beasts (D:5)
  An ogre (D:5)
  A black bear (D:4)
  A phantom (D:5)
  Blork the orc (D:4)
  A gnoll sergeant (D:5)
  A scorpion (D:5)
  A wight (D:5)
  A hound (D:5)
  2 iguanas (D:5)
  3 orc wizards
  4 mummies
  6 gnolls (D:5)
  9 adders
  A shadow imp (D:5)
  6 adder zombies (Ossuary)
  4 dart slugs
  13 orcs
  6 endoplasms
  3 giant cockroaches
  2 goblins
  6 hobgoblins
  2 jackals (D:5)
  3 quokkas
  9 ball pythons
  3 bats
  3 frilled lizards
  2 goblin zombies (Ossuary)
  4 hobgoblin zombies
  5 kobolds
  4 kobold zombies (Ossuary)
  3 quokka zombies (Ossuary)
  4 rats
  A rat zombie (Ossuary)
119 creatures vanquished.

Table legend:
 A = Non-vault XP
 B = Vault XP
 C = Vault XP percentage of total XP
 D = Non-vault monster count
 E = Vault monster count
 F = Vault count percentage of total count
                 A         B        C        D         E       F
            +---------+---------+-------+---------+---------+-------
      Total |    1320 |     597 |  31.1 |      85 |      34 |  28.6
            +---------+---------+-------+---------+---------+-------
        D:1 |      33 |       4 |  10.8 |      18 |       3 |  14.3
        D:2 |      47 |       0 |   0.0 |      15 |       0 |   0.0
        D:3 |      76 |       0 |   0.0 |      16 |       0 |   0.0
        D:4 |     193 |      94 |  32.8 |       9 |       1 |  10.0
        D:5 |     971 |     400 |  29.2 |      27 |       9 |  25.0
    Ossuary |       0 |      99 | 100.0 |       0 |      21 | 100.0
            +---------+---------+-------+---------+---------+-------

Skill      XL: |  1  2  3  4  5  6  7  8 |
---------------+-------------------------+-----
Fighting       | 2 3 4 5 6 |  6.4
Unarmed Combat | 4 5 6 7 8 |  8.0
Dodging        | 4 |  4.0
Shapeshifting  | |  3.0

Action                     |  1- 3 |  4- 6 |  7- 9 || total
---------------------------+-------+-------+-------++-------
  Melee: Unarmed           |    92 |   168 |   110 ||   370
         Tailslap          |     6 |    22 |    17 ||    45
         Punch             |     1 |     2 |     3 ||     6
Ability: Breathe Acid      |       |       |     4 ||     4
    Use: Scroll            |       |     9 |     1 ||    10
         Potion            |       |     1 |       ||     1
   Stab: Sleeping          |     1 |       |       ||     1
 Armour: Skin              |    25 |    51 |    34 ||   110
  Dodge: Dodged            |    65 |    77 |    50 ||   192

Illustrated notes

Table legend:
 A = Kills in this place as a percentage of kills in the entire game.
 B = Kills by you in this place as a percentage of kills by you in the entire game.
 C = Kills by friends in this place as a percentage of kills by friends in the entire game.
 D = Other kills in this place as a percentage of other kills in the entire game.
 E = Experience gained in this place as a percentage of experience gained in the entire game.
 F = Experience gained in this place divided by the number of levels of this place that you have seen.
                   A       B       C       D       E      F
               +-------+-------+-------+-------+-------+----------------------
         Total | 100.0 | 100.0 |   N/A |   N/A | 100.0 | 273.9
       Dungeon |  82.4 |  82.4 |   N/A |   N/A |  94.8 | 363.6
       Ossuary |  17.6 |  17.6 |   N/A |   N/A |   5.2 |  99.0
               +-------+-------+-------+-------+-------+----------------------

Table legend: (Time is in decaauts)
 A = Elapsed time spent in this place.
 B = Non-inter-level travel time spent in this place.
 C = Inter-level travel time spent in this place.
 D = Time resting spent in this place.
 E = Time spent auto-exploring this place.
 F = Levels seen in this place.
 G = Mean time per level.
                   A        B        C        D        E       F      G
               +--------+--------+--------+--------+--------+-----+--------+
         Total |   5368 |   5176 |    192 |    732 |   3515 |   7 |  766.9 |
       Dungeon |   5006 |   4829 |    177 |    593 |   3423 |   5 | 1001.2 |
        Temple |     30 |     15 |     15 |      0 |      0 |   1 |   30.0 |
       Ossuary |    331 |    331 |      0 |    139 |     92 |   1 |  331.0 |
               +--------+--------+--------+--------+--------+-----+--------+

Top non-repeatable levels by time:
     D:2: 1262 daAuts
     D:5: 1144 daAuts
     D:4: 1115 daAuts
     D:3: 761 daAuts
     D:1: 722 daAuts
 Ossuary: 331 daAuts
  Temple: 30 daAuts
